 Dungeon Crawl Stone Soup version 0.21-a0-442-g848f44b (webtiles) character file.

2540 Gildeon the Cleaver (level 9, -15/71 HPs)
             Began as a Minotaur Fighter on Nov 15, 2017.
             Was a Priest of Cheibriados.
             Splashed by an acid dragon's acid (17 damage)
             ... on level 7 of the Dungeon.
             The game lasted 00:28:58 (5998 turns).

Gildeon the Cleaver (Minotaur Fighter)              Turns: 5998, Time: 00:28:59

Health: -15/71     AC:  7    Str: 30    XL:     9   Next: 30%
Magic:  17/17      EV:  7    Int: 11    God:    Cheibriados [***...]
Gold:   321        SH: 11    Dex: 16    Spells: 8/8 levels left

rFire    . . .     SeeInvis .   e - +2 war axe (elec)
rCold    + . .     Gourm    .   c - +0 shield
rNeg     . . .     Faith    .   b - +1 scale mail
rPois    .         Spirit   .   (helmet restricted)
rElec    .         Reflect  .   y - +2 cloak
rCorr    .         Harm     .   (no gloves)
MR       .....                  (no boots)
Stlth    ..........             (no amulet)
HPRegen  0.21/turn              o - ring of magical power
MPRegen  0.15/turn              p - ring of protection from cold

@: corroded, very slow
A: retaliatory headbutt, horns 2
a: Bend Time, Temporal Distortion, Renounce Religion


You were on level 7 of the Dungeon.
You worshipped Cheibriados.
Cheibriados was most pleased with you.
You were not hungry.

You visited 2 branches of the dungeon, and saw 8 of its levels.

You collected 321 gold pieces.

Inventory:

Hand Weapons
 e - a +2 war axe of electrocution (weapon)
Missiles
 d - 3 tomahawks (quivered)
Armour
 b - a +1 scale mail (worn)
 c - a +0 shield (worn)
 m - a cursed +0 ring mail
 v - a +0 leather armour
 w - a cursed +0 ring mail
 x - a +3 leather armour of cold resistance
 y - a +2 cloak (worn)
Jewellery
 o - a ring of magical power (left hand)
 p - a ring of protection from cold (right hand)
 t - an uncursed ring of wizardry
Scrolls
 a - 3 scrolls of fog
 i - 3 scrolls of teleportation
 q - 3 scrolls of remove curse
 s - 4 scrolls of amnesia
Potions
 h - 5 potions of curing
 j - a potion of agility {unknown}
 k - a potion of haste {unknown}
 r - 2 potions of degeneration {unknown}
 u - a potion of flight {unknown}
Comestibles
 f - a bread ration
 l - 2 meat rations
 n - 7 fruits


   Skills:
 - Level 3.6 Fighting
 + Level 14.4 Axes
 - Level 3.6 Armour
 - Level 3.6 Shields


You had 8 spell levels left.
You didn't know any spells.

Dungeon Overview and Level Annotations

Branches:
Dungeon (7/15)             Temple (1/1) D:4

Altars:
Cheibriados
Kikubaaqudgha
Makhleb
Nemelex Xobeh
Okawaru
Trog
Uskayaw
Vehumet
Xom
Yredelemnul
Zin
The Shining One


Innate Abilities, Weirdness & Mutations

You reflexively headbutt those who attack you in melee.
You have a pair of horns on your head.


Message History

The acid dragon spits acid at you. The splash of acid hits you!
The acid corrodes you!
You are splashed with acid!
The acid burns!
You fail to use your ability.
The acid dragon closely misses you. You block the acid dragon's attack.
The acid dragon bites you!
* * * LOW HITPOINT WARNING * * *
The acid dragon claws you.
* * * LOW HITPOINT WARNING * * *
Okay, then.
It was a potion of curing.
You feel better. The acid dragon spits acid at you.
The splash of acid hits you!
You are splashed with acid!
The acid burns!
* * * LOW HITPOINT WARNING * * *
You block the acid dragon's attack. The acid dragon barely misses you.
The acid dragon spits acid at you. The splash of acid hits you!
* * * LOW HITPOINT WARNING * * *
You are splashed with acid!
The acid burns!
You die...

#...................#...
#...................#...
#.........##............
####...(...................
####......###.................
#.............................
#.##..........................
#.##...#####################..
#.##...##..D.@..##.........#.#
#.####.#...###...#)#.#.#.#.# .
#.##...#....$##..#.........#
#.##...#.#$..$##.#.#.#.#.#.#
#.##...#.#$..$[#.'.........#
#.##...# ##.$$$###.#.#.#.#.#
#.##...# ##$$$$##.........#
#.##...# ##$$##.#.#.#.#.#
#.##...# ####....(....#


You could see an acid dragon.

Vanquished Creatures
  2 hungry ghosts (D:7)
  Edmund (D:6)
  A water moccasin (D:6)
  An ice beast (D:7)
  A phantom (D:4)
  An ogre (D:7)
  A necrophage (D:7)
  A centaur (D:6)
  The ghost of Oozefury the Insei, an amateur DsTm (D:3)
  2 big kobolds (D:7)
  2 bullfrogs
  A gnoll sergeant (D:6)
  2 scorpions (D:5)
  3 howler monkeys
  4 crimson imps
  2 centaur zombies
  3 hounds (D:4)
  A jelly (D:6)
  2 orc priests (D:5)
  5 orc wizards
  An iguana (D:6)
  3 worker ants
  A worker ant zombie (D:5)
  14 gnolls
  14 adders
  A shadow imp (D:6)
  2 oozes (D:1)
  2 worms
  2 dart slugs
  3 leopard geckos
  10 orcs
  2 giant cockroaches
  5 goblins
  8 hobgoblins
  7 jackals
  9 quokkas
  2 ball pythons
  8 bats
  A frilled lizard (D:1)
  16 kobolds
  4 leopard gecko skeletons
  5 rats
157 creatures vanquished.

Notes
Turn   | Place    | Note
-------+----------+-------------------------------------------
     0 | D:1      | Gildeon the Minotaur Fighter began the quest for the Orb.
     0 | D:1      | Reached XP level 1. HP: 19/19 MP: 0/0
    78 | D:1      | Reached skill level 3 in Axes
   126 | D:1      | Reached XP level 2. HP: 20/27 MP: 1/1
   311 | D:1      | Reached skill level 4 in Axes
   329 | D:1      | Reached XP level 3. HP: 33/33 MP: 2/2
   577 | D:2      | Reached skill level 5 in Axes
   746 | D:2      | Reached XP level 4. HP: 40/40 MP: 3/3
   944 | D:3      | Noticed Oozefury's ghost (amateur DsTm)
   950 | D:3      | Killed Oozefury's ghost
   950 | D:3      | Reached skill level 6 in Axes
   950 | D:3      | Reached XP level 5. HP: 38/46 MP: 4/4
  1829 | D:3      | Reached skill level 7 in Axes
  2368 | D:4      | Reached XP level 6. HP: 49/52 MP: 5/5
  2433 | D:4      | Reached skill level 8 in Axes
  2679 | D:4      | Reached skill level 9 in Axes
  2730 | D:4      | Reached XP level 7. HP: 58/58 MP: 6/6
  2920 | D:4      | Found a staircase to the Ecumenical Temple.
  2926 | Temple   | Entered the Ecumenical Temple
  2953 | Temple   | Became a worshipper of Cheibriados the Contemplative
  3412 | D:5      | Entered Level 5 of the Dungeon
  3490 | D:5      | Reached skill level 10 in Axes
  4200 | D:6      | Reached * piety under Cheibriados
  4404 | D:6      | Reached skill level 11 in Axes
  4405 | D:6      | Reached XP level 8. HP: 55/66 MP: 7/7
  4573 | D:6      | Noticed Edmund
  4581 | D:6      | Killed Edmund
  4581 | D:6      | Reached skill level 12 in Axes
  4864 | D:6      | Reached ** piety under Cheibriados
  5631 | D:7      | Reached skill level 13 in Axes
  5817 | D:7      | Reached XP level 9. HP: 71/71 MP: 8/8
  5941 | D:7      | Reached skill level 14 in Axes
  5962 | D:7      | Reached *** piety under Cheibriados
  5998 | D:7      | HP: 2/71 [acid dragon/splash of acid (10)]
  5998 | D:7      | Splashed by an acid dragon's acid

Vault maps used:
D:1:      nagdon_arrival_double_spiral
D:2:      first_bread
D:4:      temple_green
D:6:      uniq_edmund
D:7:      serial_shops, shop, minmay_the_grid_2x2
Temple:   compressed_dpeg_circular_temple

Skill      XL: |  1  2  3  4  5  6  7  8  9 |
---------------+----------------------------+-----
Axes           | 3 4 5 6 7 9 11 13 14 | 14.4
Fighting       | |  3.6
Armour         | |  3.6
Shields        | |  3.6

Action                   |  1- 3 |  4- 6 |  7- 9 || total
-------------------------+-------+-------+-------++-------
Melee: War axe           |    97 |   104 |   202 ||   403
       Headbutt          |    13 |    17 |    44 ||    74
Throw: Tomahawk          |       |       |     5 ||     5
  Use: Scroll            |     5 |     4 |     5 ||    14
       Potion            |       |     2 |     4 ||     6
  Eat: Chunk             |       |     2 |     1 ||     3
       Bread ration      |       |     1 |     2 ||     3
Armor: Scale mail        |    56 |    21 |    62 ||   139
Dodge: Dodged            |    37 |    30 |    44 ||   111
Block: Shield            |    89 |    44 |   107 ||   240

Table legend:
 A = Spawn XP
 B = Non-spawn XP
 C = Spawn XP percentage of total XP
 D = Spawn monster count
 E = Non-spawn monster count
 F = Spawn count percentage of total count
 G = Total turns spent on level
                    A         B        C        D         E        F      G
               +---------+---------+-------+---------+---------+-------+---------
         Total |       0 |    3629 |   0.0 |       0 |     157 |   0.0 |  5998
               +---------+---------+-------+---------+---------+-------+---------
           D:1 |       0 |      50 |   0.0 |       0 |      24 |   0.0 |   526
           D:2 |       0 |      78 |   0.0 |       0 |      20 |   0.0 |   414
           D:3 |       0 |     158 |   0.0 |       0 |      16 |   0.0 |  1118
           D:4 |       0 |     591 |   0.0 |       0 |      25 |   0.0 |  1296
           D:5 |       0 |     378 |   0.0 |       0 |      16 |   0.0 |   786
           D:6 |       0 |    1101 |   0.0 |       0 |      32 |   0.0 |  1410
           D:7 |       0 |    1273 |   0.0 |       0 |      24 |   0.0 |   390
               +---------+---------+-------+---------+---------+-------+---------
